 Dungeon Crawl Stone Soup version 0.31-a0-187-gba352fbbf7 (webtiles) character file.

Game seed: 15969622914207780765

183 qw the Skirmisher (level 5, -6/29 HPs)
             Began as a Deep Elf Hunter on June 22, 2023.
             Mangled by a wyvern (9 damage)
             ... on level 4 of the Dungeon.
             The game lasted 00:00:48 (1919 turns).

qw the Skirmisher (Deep Elf Hunter)                 Turns: 1919, Time: 00:00:49

Health: -6/29      AC:  6    Str: 10    XL:     5   Next: 35%
Magic:  7/7        EV: 11    Int: 14    God:
Gold:   176        SH:  0    Dex: 18    Spells: 4/4 levels left

rFire   + . .        Y - +2 shortbow
rCold   . . .        (shield currently unavailable)
rNeg    . . .        e - +0 ring mail
rPois   .            (no helmet)
rElec   .            (no cloak)
rCorr   .            (no gloves)
SInv    .            f - +0 pair of boots
Will    .....        (no amulet)
Stlth   +            c - ring of protection from fire
HPRegen 0.24/turn    (no ring)
MPRegen 0.10/turn

%: no passive effects
@: no status effects
A: no striking features
a: no special abilities


You were on level 4 of the Dungeon.
You visited 1 branch of the dungeon, and saw 4 of its levels.

You collected 176 gold pieces.


   Skills:
 - Level 1.5 Fighting
 + Level 8.9 Ranged Weapons
 - Level 2.4 Dodging
 - Level 1.2 Stealth


You had 4 spell levels left.
You didn't know any spells.
Your spell library was empty.

Inventory:

Hand Weapons
 Y - a +2 shortbow (weapon)
Armour
 e - a +0 ring mail (worn)
 f - a +0 pair of boots (worn)
Jewellery
 c - a ring of protection from fire (left hand)
Potions
 a - a potion of brilliance {unknown}
 b - 2 potions of resistance {unknown}
 d - a potion of degeneration {unknown}
 g - a potion of lignification {unknown}
 h - a potion of curing {unknown}

Dungeon Overview and Level Annotations

Branches:
Dungeon (4/15)
 Temple: D:4-7

Altars:


Message History

Enter note:
Found a scroll of revelation.
Enter note:
a - a fizzy orange potion
Enter note:
Found a ring mail.
Enter note: A wyvern comes into view.
Enter note: You shoot an arrow.
The arrow hits the wyvern.
The wyvern is lightly wounded.
You shoot an arrow. The arrow hits the wyvern!
The wyvern is severely wounded.
You shoot an arrow. The arrow barely misses the wyvern.
The wyvern hisses menacingly.
You shoot an arrow.
The arrow hits the wyvern but does no damage.
The wyvern is severely wounded.
The wyvern bites you.
You shoot an arrow. The arrow closely misses the wyvern.
The wyvern closely misses you.
You shoot an arrow. The arrow closely misses the wyvern.
The wyvern bites you but does no damage.
The wyvern bites you!
You shoot an arrow. The arrow closely misses the wyvern.
The wyvern bites you but does no damage.
The wyvern bites you.
You shoot an arrow.
The arrow hits the wyvern but does no damage.
The wyvern is severely wounded.
The wyvern closely misses you.
You shoot an arrow. The arrow barely misses the wyvern.
The wyvern closely misses you.
The wyvern bites you but does no damage.
You shoot an arrow. The arrow hits the wyvern.
The wyvern is almost dead.
The wyvern barely misses you. The wyvern closely misses you.
You shoot an arrow. The arrow completely misses the wyvern.
The wyvern bites you! x2
You die...

.........#.... .
.........#... ..
#####...###.# .#
##...###.###.######
#..................
#..................
#....)......)......
#...........l......
#(...%.....@$......
##.####..##..######
####'#####+##..#
#.....#....#.....
#.....'....+......
#.....#....#......[.
###'##########...###
##...##....###+###
#............#


You could see a wyvern.

Vanquished Creatures
  2 sleepcaps
  4 gnolls (D:3)
  2 adders (D:3)
  A dart slug (D:2)
  An orc (D:3)
  4 bats
  3 endoplasms
  4 giant cockroaches
  2 goblins
  9 hobgoblins
  11 jackals
  5 kobolds
  4 quokkas
  4 ball pythons
  5 frilled lizards (D:1)
  3 rats
  A spectral goblin (D:1)
65 creatures vanquished.

Notes
Turn   | Place    | Note
-------+----------+-------------------------------------------
     0 | D:1      | qw the Deep Elf Hunter began the quest for the Orb.
     0 | D:1      | Reached XP level 1. HP: 12/12 MP: 3/3
     0 | D:1      | 0 ||| qw: Version: 0.3-a-9-g12657ce
     0 | D:1      | 0 ||| qw: Game counter: 2361
     0 | D:1      | 0 ||| qw: Always use a shield: true
     0 | D:1      | 0 ||| qw: God list: Okawaru
     0 | D:1      | 0 ||| qw: Allow faded altars: false
     0 | D:1      | 0 ||| qw: Do Orc after D:15 true
     0 | D:1      | 0 ||| qw: Do second Lair branch before Depths: true
     0 | D:1      | 0 ||| qw: Lair rune preference: random
     0 | D:1      | 0 ||| qw: Plans: Normal
     0 | D:1      | 0 ||| PLANNING D:1-11
   103 | D:1      | HP: 3/12 [quokka (3)]
   104 | D:1      | Reached skill level 6 in Ranged Weapons
   104 | D:1      | Reached XP level 2. HP: 4/16 MP: 4/4
   289 | D:1      | Found a faded altar of an unknown god.
   418 | D:1      | Reached XP level 3. HP: 20/20 MP: 5/5
   657 | D:1      | 657 ||| UPGRADING to +0 ring mail.
   667 | D:1      | 667 ||| DROPPING +0 leather armour.
   668 | D:1      | 668 ||| UPGRADING to +0 pair of boots.
   673 | D:1      | 673 ||| READING scroll labelled ZANITHRIXEA.
   674 | D:1      | 674 ||| READING scroll labelled FIAFRU YMACI.
   675 | D:1      | 675 ||| DROPPING scroll of butterflies.
   923 | D:2      | Reached skill level 7 in Ranged Weapons
  1129 | D:2      | 1129 ||| READING scroll labelled YLUPIH SEMUUM.
  1130 | D:2      | 1130 ||| READING scroll labelled XYDUAPL VEHODU.
  1131 | D:2      | 1131 ||| READING scroll labelled CEKKEJ SYQUO.
  1135 | D:2      | 1135 ||| READING scroll labelled WUURE YMAT.
  1222 | D:3      | Reached XP level 4. HP: 18/25 MP: 6/6
  1365 | D:3      | Reached skill level 8 in Ranged Weapons
  1413 | D:3      | HP: 5/25 [sleepcap (15)]
  1414 | D:3      | 1414 ||| READING scroll of teleportation.
  1440 | D:3      | 1440 ||| FLEEEEING.
  1441 | D:3      | 1441 ||| FLEEEEING.
  1442 | D:3      | 1442 ||| FLEEEEING.
  1443 | D:3      | 1443 ||| FLEEEEING.
  1444 | D:3      | 1444 ||| FLEEEEING.
  1445 | D:3      | 1445 ||| STAIRDANCE
  1497 | D:2      | 1497 ||| UPGRADING to ring of protection from fire.
  1498 | D:2      | 1498 ||| READING 2 scrolls labelled XURIEMNANOLA.
  1499 | D:2      | 1499 ||| READING scroll of enchant weapon.
  1499 | D:2      | 1499 ||| ENCHANTING +1 shortbow.
  1502 | D:3      | 1502 ||| STAIRDANCE
  1575 | D:3      | Reached XP level 5. HP: 29/29 MP: 7/7
  1759 | D:3      | 1759 ||| READING scroll labelled FENWIUDAUM.
  1908 | D:4      | Noticed a wyvern
  1919 | D:4      | HP: 3/29 [wyvern (13)]
  1919 | D:4      | Mangled by a wyvern

Levels and vault maps discovered:
D:1:      scummos_arrival_gate, layout_loops_cross,
          dreamdust_ecumenical_altar_drowned_temple
D:2:      layout_basic
D:3:      layout_rooms, serial_glass, glass_columns_a, glass_columns_b,
          grunt_ministairs_15, minivault_19
D:4:      layout_gridville

Skill      XL: |  1  2  3  4 |
---------------+-------------+-----
Ranged Weapons | 6 7 8 |  8.9
Fighting       | |  1.5
Dodging        | |  2.4
Stealth        | |  1.2

Action                     |  1- 3 |  4- 6 || total
---------------------------+-------+-------++-------
   Fire: Shortbow          |   106 |    72 ||   178
    Use: Scroll            |     6 |     4 ||    10
 Armour: Leather armour    |     8 |       ||     8
         Ring mail         |     1 |     8 ||     9
  Dodge: Dodged            |    21 |    21 ||    42

Table legend:
 A = Non-vault XP
 B = Vault XP
 C = Vault XP percentage of total XP
 D = Non-vault monster count
 E = Vault monster count
 F = Vault count percentage of total count
                 A         B        C        D         E       F
            +---------+---------+-------+---------+---------+-------
      Total |     251 |      11 |   4.2 |      59 |       6 |   9.2
            +---------+---------+-------+---------+---------+-------
        D:1 |      53 |       1 |   1.9 |      32 |       1 |   3.0
        D:2 |      51 |       0 |   0.0 |       7 |       0 |   0.0
        D:3 |     106 |      10 |   8.6 |      17 |       5 |  22.7
        D:4 |      41 |       0 |   0.0 |       3 |       0 |   0.0
            +---------+---------+-------+---------+---------+-------
